 Dungeon Crawl Stone Soup version 0.26.1-2-gb8aa6d0cf2 (webtiles) character file.

Game seed: 14840788064710880951

3287 Mattiprrivan the Thaumaturge (level 10, -7/65 HPs)
             Began as a Gnoll Hedge Wizard on Mar 21, 2021.
             Was a Priest of Hepliaklqana.
             Engulfed by an ice statue's freezing vapour (11 damage)
             ... on level 7 of the Dungeon.
             The game lasted 01:23:14 (8056 turns).

Mattiprrivan the Thaumaturge (Gnoll Hedge Wizard)   Turns: 8056, Time: 01:23:15

Health: -7/65      AC: 15    Str: 15    XL:     10   Next: 1%
Magic:  14/22      EV: 16    Int: 17    God:    Hepliaklqana [***...]
Gold:   390        SH:  0    Dex: 15    Spells: 20/26 levels left

rFire    . . .     SeeInvis .   p - +3 quarterstaff (chaos)
rCold    . . .     Faith    .   (shield currently unavailable)
rNeg     . . .     Spirit   .   e - +3 leather armour
rPois    .         Reflect  .   c - +2 hat
rElec    .         Harm     .   q - +0 cloak
rCorr    .         Rampage  .   (no gloves)
Will     .....                  v - +0 pair of boots
Stlth    +++.......             (no amulet)
HPRegen  0.20/turn              d - +4 ring of protection
MPRegen  0.18/turn              m - ring of wizardry

@: very slightly contaminated, invisible (expiring)
A: distributed training, reduced essence, fangs 1, strong nose
a: Renounce Religion, Recall Ancestor, Ancestor Identity, Transference


You were on level 7 of the Dungeon.
You worshipped Hepliaklqana.
Hepliaklqana was most pleased with you.
You visited 1 branch of the dungeon, and saw 7 of its levels.

You collected 390 gold pieces.

Inventory:

Hand Weapons
 b - the +7 flail of the Crushed Heavens {vorpal, rElec Str+3 Int+3}
   (You found it on level 5 of the Dungeon)

   It inflicts extra damage upon your enemies.
   It affects your strength (+3).
   It affects your intelligence (+3).
   It insulates you from electricity.
 p - a +3 quarterstaff of chaos (weapon)
 u - a +9 great mace
Missiles
 l - 15 boomerangs
 t - 6 silver javelins
Armour
 c - a +2 hat (worn)
 e - a +3 leather armour (worn)
 q - a +0 cloak (worn)
 v - a +0 pair of boots (worn)
Jewellery
 d - a +4 ring of protection (left hand)
 m - a ring of wizardry (right hand)
 r - an uncursed ring of ice
Wands
 g - a wand of random effects (2)
Scrolls
 a - a scroll of blinking
 f - 3 scrolls of remove curse
 i - 2 scrolls of fear
 j - 2 scrolls of fog
 n - 4 scrolls of teleportation
 y - a scroll of immolation
Potions
 o - a potion of cancellation
 s - a potion of invisibility


   Skills:
 + Level 4.8 Fighting
 + Level 4.8 Short Blades
 + Level 4.8 Long Blades
 + Level 4.8 Axes
 + Level 4.8 Maces & Flails
 + Level 4.8 Polearms
 + Level 4.8 Staves
 + Level 4.8 Slings
 + Level 4.8 Bows
 + Level 4.8 Crossbows
 + Level 4.8 Throwing
 + Level 4.8 Armour
 + Level 6.7 Dodging
 + Level 6.4 Stealth
 + Level 4.8 Shields
 + Level 4.8 Unarmed Combat
 + Level 8.7 Spellcasting
 + Level 4.5 Conjurations
 + Level 4.0 Hexes
 + Level 4.5 Summonings
 + Level 4.0 Necromancy
 + Level 4.5 Translocations
 + Level 4.0 Transmutations
 + Level 4.0 Fire Magic
 + Level 4.0 Ice Magic
 + Level 4.0 Air Magic
 + Level 4.0 Earth Magic
 + Level 4.0 Poison Magic
 + Level 5.3 Invocations
 + Level 4.8 Evocations


You had 20 spell levels left.
You knew the following spells:

 Your Spells              Type           Power        Failure   Level
a - Magic Dart            Conj           88%          1%          1
b - Call Imp              Summ           22%          1%          2
c - Mephitic Cloud        Conj/Pois/Air  21%          2%          3

Your spell library contained the following spells:

 Spells                   Type           Power        Failure   Level
 Blink                    Tloc           N/A          1%          2
 Slow                     Hex            21%          1%          2
 Conjure Flame            Conj/Fire      21%          2%          3


Dungeon Overview and Level Annotations

Branches:
Dungeon (7/15)             Temple (0/1) D:6

Altars:
Ashenzari
Gozag
Hepliaklqana
Kikubaaqudgha
Makhleb
Okawaru
Vehumet
Xom
Zin

Shops:
D:2 *   D:4 =

Annotations:
D:7 1 transporter, exclusion: oklob plant


Innate Abilities, Weirdness & Mutations

Your experience applies equally to all skills.
You have very sharp teeth.
Your uncanny sense of smell can sniff out nearby items.
Your life essence is reduced to manifest your ancestor. (-10% HP)


Message History

Your crimson imp dies!
Marking area around an ice statue as unsafe for travelling.
Casting: Call Imp (safe; 1% risk of failure)
Confirm with . or Enter, or press ? or * to list all spells.
A beastly little devil appears in a puff of flame.
The ice beast hits you.
* * * LOW HITPOINT WARNING * * *
The ice beast freezes you.
* * * LOW HITPOINT WARNING * * *
The ice beast hits you but does no damage.
Your crimson imp completely misses the ice beast.
Marking area around an ice statue as unsafe for travelling.
You flicker for a moment.
Your crimson imp hits the ice beast but does no damage.
A freezing blast appears from out of thin air!
The freezing blast engulfs your crimson imp!!
Your crimson imp is frozen!
Your crimson imp dies!
Marking area around an ice statue as unsafe for travelling.
You die...

,,,,........###...##.©.##........
,,*,,.......!##(.##†###.##.......
,,,,,.......#...##)))...≈##.#....
,,,,,###....#..##{.≈.!.≈≈P##.#...
,,,,,,##......##.☼#.###.#≈.##.#.#
,,*#.##......##§Y☼°##s##...$##...
*,*........<.#°#§Y#....##.≈#.#...
*,*,#........#.#☼5#$....#≈.#.#...
,,,......#.#.#.#@○##...##.≈#$#...
,,,......#...##....##!##....##...
,,,.....,.....##..#..##.#.≈##....
,,,...,,.....#.##8≈......8##.....
,,,..,,......##.##≈.....Z##.#....
*,,.,,,......#...##.###.##(##...#
,,,,,,,...........##.©.##......##
,,,,,**,,.......*#.#####.#..†...#
,,,,**,,,.......###..©..##......#


You could see 2 ice beasts, a scorpion and a friendly crimson imp (summoned).

Vanquished Creatures
  The ghost of candy the Cleaver, a novice MiFi (D:7)
  Grinder (D:5)
  2 ice beasts (D:5)
  A black bear (D:7)
  A centaur (D:7)
  A bullfrog (D:7)
  A scorpion (D:7)
  A quasit (D:7)
  A jelly (D:6)
  2 orc wizards
  A centaur skeleton (D:7)
  Jessica (D:2)
  An iguana (D:6)
  4 worker ants
  A killer bee zombie (D:5)
  6 adders
  A white imp (D:5)
  2 oozes
  A worm (D:2)
  4 dart slugs
  3 leopard geckos
  9 orcs
  3 ball pythons
  2 bat zombies (D:4)
  2 giant cockroaches
  11 goblins
  6 hobgoblins
  A jackal (D:3)
  10 kobolds
  A quokka (D:5)
  4 bats
  2 frilled lizards
  A leopard gecko skeleton (D:5)
  7 rats
96 creatures vanquished.

Vanquished Creatures (collateral kills)
  A polar bear (shapeshifter) (D:5)
  The ghost of Elsvaer the Magician, a novice DECj of Vehumet (D:5)
  An orc warrior (D:7)
  A sky beast (D:7)
  2 ogres
  2 centaurs
  2 bullfrogs
  5 scorpions
  A crimson imp (D:5)
  A centaur zombie (D:5)
  A quasit (D:6)
  4 hounds
  2 orc wizards (D:4)
  An orc priest (D:5)
  Crazy Yiuf (D:4)
  A centaur skeleton (D:4)
  2 worker ants
  Natasha (D:2)
  An iguana (D:7)
  A worker ant zombie (D:5)
  8 adders
  A worm (D:4)
  A dart slug (D:2)
  A leopard gecko (D:4)
  17 orcs
  3 giant cockroaches
  6 hobgoblins
  3 jackals (D:3)
  A kobold (D:2)
  A quokka (D:5)
  2 frilled lizards
  A jackal zombie (D:4)
  A quokka skeleton (D:7)
  A quokka zombie (D:5)
  A rat zombie (D:4)
80 creatures vanquished.

Vanquished Creatures (others)
  An orc wizard (D:7)
  A bullfrog skeleton (D:7)
  3 battlemagi
  An ancestor (D:3)
  An orc (D:7)
7 creatures vanquished.

Grand Total: 183 creatures vanquished

Notes
Turn   | Place    | Note
-------+----------+-------------------------------------------
     0 | D:1      | Mattiprrivan the Gnoll Hedge Wizard began the quest for the
                  | Orb.
     0 | D:1      | Reached XP level 1. HP: 13/13 MP: 8/8
   233 | D:1      | Reached XP level 2. HP: 12/20 MP: 8/10
   276 | D:1      | Learned a level 2 spell: Call Imp
   616 | D:1      | Reached XP level 3. HP: 24/25 MP: 11/11
   620 | D:1      | Learned a level 3 spell: Mephitic Cloud
  1549 | D:2      | Reached skill level 1 in Invocations
  1698 | D:2      | Found Zin's Purification Station.
  1700 | D:2      | Found a glowing silver altar of Zin.
  1716 | D:2      | Reached skill level 1 in Fighting
  1716 | D:2      | Reached skill level 1 in Short Blades
  1716 | D:2      | Reached skill level 1 in Long Blades
  1716 | D:2      | Reached skill level 1 in Axes
  1716 | D:2      | Reached skill level 1 in Maces & Flails
  1716 | D:2      | Reached skill level 1 in Polearms
  1716 | D:2      | Reached skill level 1 in Staves
  1716 | D:2      | Reached skill level 1 in Slings
  1716 | D:2      | Reached skill level 1 in Bows
  1716 | D:2      | Reached skill level 1 in Crossbows
  1716 | D:2      | Reached skill level 1 in Throwing
  1716 | D:2      | Reached skill level 1 in Armour
  1716 | D:2      | Reached skill level 1 in Shields
  1716 | D:2      | Reached skill level 1 in Unarmed Combat
  1716 | D:2      | Reached skill level 1 in Evocations
  1815 | D:2      | Reached XP level 4. HP: 32/32 MP: 1/13
  2177 | D:2      | Found a hazy altar of Hepliaklqana.
  2177 | D:2      | Found an opulent altar of Gozag.
  2193 | D:2      | Became a worshipper of Hepliaklqana the Forgotten
  2612 | D:2      | Noticed Natasha
  2623 | D:2      | Reached skill level 1 in Hexes
  2623 | D:2      | Reached skill level 1 in Necromancy
  2623 | D:2      | Reached skill level 1 in Transmutations
  2623 | D:2      | Reached skill level 1 in Fire Magic
  2623 | D:2      | Reached skill level 1 in Ice Magic
  2623 | D:2      | Reached skill level 1 in Air Magic
  2623 | D:2      | Reached skill level 1 in Earth Magic
  2623 | D:2      | Reached skill level 1 in Poison Magic
  2625 | D:2      | Killed Natasha
  2984 | D:2      | Reached XP level 5. HP: 33/33 MP: 2/14
  3082 | D:2      | Noticed Jessica
  3101 | D:2      | Killed Jessica
  3247 | D:3      | Found a broken altar of Ashenzari.
  3631 | D:3      | Reached XP level 6. HP: 39/39 MP: 12/16
  3850 | D:3      | Reached * piety under Hepliaklqana
  4374 | D:4      | Reached skill level 5 in Dodging
  4516 | D:4      | Reached XP level 7. HP: 39/45 MP: 14/18
  4559 | D:4      | Found a shimmering altar of Xom.
  4773 | D:4      | Found an iron altar of Okawaru.
  5025 | D:4      | Found Eqydodd's Jewellery Boutique.
  5109 | D:4      | Found an ancient bone altar of Kikubaaqudgha.
  5183 | D:4      | Found a runed translucent door.
  5184 | D:4      | Noticed Crazy Yiuf
  5198 | D:4      | Killed Crazy Yiuf
  5349 | D:5      | Entered Level 5 of the Dungeon
  5466 | D:5      | Noticed Grinder
  5483 | D:5      | Killed Grinder
  5484 | D:5      | Reached skill level 5 in Stealth
  5484 | D:5      | Reached XP level 8. HP: 30/51 MP: 19/19
  5751 | D:5      | Noticed a shapeshifter
  5751 | D:5      | a centaur changed into a shapeshifter
  5751 | D:5      | Noticed a polar bear
  5751 | D:5      | a shapeshifter changed into a polar bear
  5758 | D:5      | Killed a polar bear
  6013 | D:5      | Reached ** piety under Hepliaklqana
  6014 | D:5      | Remembered your ancestor Demetirus as a battlemage
  6075 | D:5      | Got a transparent flail
  6076 | D:5      | Identified the +7 flail of the Crushed Heavens {vorpal,
                  | rElec Str+3 Int+3} (You found it on level 5 of the Dungeon)
  6226 | D:5      | Found a radiant altar of Vehumet.
  6227 | D:5      | Found a burning altar of Makhleb.
  6256 | D:5      | Found a transporter.
  6260 | D:5      | Noticed Elsvaer's ghost (novice DECj)
  6266 | D:5      | Found a transporter.
  6273 | D:5      | Killed Elsvaer's ghost
  6274 | D:5      | Reached skill level 8 in Spellcasting
  6861 | D:6      | Found a staircase to the Ecumenical Temple.
  6888 | D:6      | Reached XP level 9. HP: 58/58 MP: 21/21
  7671 | D:7      | Noticed an ice statue
  7700 | D:7      | Noticed candy's ghost (novice MiFi)
  7701 | D:7      | Reached *** piety under Hepliaklqana
  7702 | D:7      | Noticed an oklob plant
  7791 | D:7      | Found a transporter.
  7800 | D:7      | Found a transporter.
  7970 | D:7      | HP: 2/59 [ice statue/bolt of cold (13)]
  8015 | D:7      | Killed candy's ghost
  8016 | D:7      | Reached skill level 5 in Invocations
  8016 | D:7      | Reached XP level 10. HP: 62/65 MP: 15/22
  8054 | D:7      | HP: 3/65 [ice beast[an ice statue] (6)]
  8056 | D:7      | Engulfed by an ice statue's freezing vapour

Illustrated notes

Levels and vault maps discovered:
D:1:      tarquinn_simple_flora_water_f, layout_loops_ring, corner_web_ring,
          patterned_corridor
D:2:      minmay_thinvault, layout_basic, gammafunk_temple_overflow_wave,
          zin_purify, uniq_jessica, uniq_natasha
D:3:      layout_basic, ashenzari_conservatory_becter, minmay_three_crescents
D:4:      layout_rooms, kennysheep_little_box,
          lemuel_zombie_altar_kikubaaqudgha, minmay_shop_enchanted_jewellery,
          minmay_ruined_shrine, uniq_crazy_yiuf_cottage
D:5:      layout_loops_corners, grunt_temple_overflow_lords_of_destruction,
          gammafunk_ghost_smash, uniq_grinder
D:6:      layout_loops_ring, temple_statues, st_stairs_6
D:7:      layout_cave_pools, serial_column_ruins, column_ruins_columns_straight,
          column_ruins_open_tiny, column_ruins_open_tiny, column_ruins_grid_1,
          column_ruins_open_large, column_ruins_grid_4, nzn_ghost_randoct,
          hangedman_decor_opposing, bh_walls_and_bars

Skill      XL: |  1  2  3  4  5  6  7  8  9 10 |
---------------+-------------------------------+-----
Conjurations   | 2 3 4 |  4.5
Summonings     | 2 3 4 |  4.5
Translocations | 2 3 4 |  4.5
Invocations    | 1 2 3 4 5 |  5.3
Fighting       | 1 2 3 4 |  4.8
Short Blades   | 1 2 3 4 |  4.8
Long Blades    | 1 2 3 4 |  4.8
Axes           | 1 2 3 4 |  4.8
Maces & Flails | 1 2 3 4 |  4.8
Polearms       | 1 2 3 4 |  4.8
Staves         | 1 2 3 4 |  4.8
Slings         | 1 2 3 4 |  4.8
Bows           | 1 2 3 4 |  4.8
Crossbows      | 1 2 3 4 |  4.8
Throwing       | 1 2 3 4 |  4.8
Armour         | 1 2 3 4 |  4.8
Shields        | 1 2 3 4 |  4.8
Unarmed Combat | 1 2 3 4 |  4.8
Evocations     | 1 2 3 4 |  4.8
Hexes          | 1 2 3 4 |  4.0
Necromancy     | 1 2 3 4 |  4.0
Transmutations | 1 2 3 4 |  4.0
Fire Magic     | 1 2 3 4 |  4.0
Ice Magic      | 1 2 3 4 |  4.0
Air Magic      | 1 2 3 4 |  4.0
Earth Magic    | 1 2 3 4 |  4.0
Poison Magic   | 1 2 3 4 |  4.0
Dodging        | 5 6 |  6.7
Stealth        | 5 6 |  6.4
Spellcasting   | 8 |  8.7

Action                   |  1- 3 |  4- 6 |  7- 9 | 10-12 || total
-------------------------+-------+-------+-------+-------++-------
Melee: Short sword       |    31 |    46 |       |       ||    77
       Bite              |     3 |     4 |    19 |     4 ||    30
       Morningstar       |       |    21 |    19 |       ||    40
       Quarterstaff      |       |       |   121 |    20 ||   141
 Cast: Magic Dart        |    63 |    53 |    17 |     1 ||   134
       Call Imp          |     8 |    38 |    39 |     3 ||    88
       Mephitic Cloud    |       |     1 |     2 |       ||     3
Invok: Ancestor Identity |       |     1 |       |       ||     1
       Ancestor Life: Ba |       |       |     1 |       ||     1
Evoke: Wand              |       |       |    36 |     4 ||    40
  Use: Scroll            |     8 |     8 |     8 |       ||    24
       Potion            |     1 |     3 |     9 |     2 ||    15
 Stab: Sleeping          |       |     2 |     6 |       ||     8
       Confused          |       |     1 |     1 |       ||     2
       Distracted        |       |       |     5 |       ||     5
       Paralysed         |       |       |     1 |       ||     1
Armor: Robe              |     7 |    26 |       |       ||    33
       Skin              |       |     2 |       |       ||     2
       Leather armour    |       |       |    73 |     5 ||    78
Dodge: Dodged            |    26 |    83 |   129 |    14 ||   252
